 Dungeon Crawl Stone Soup version 0.31-a0-977-gc230f8ef24 (webtiles) character file.

Game seed: 16165002630848038752

19176 timneilson the Grappler (level 12, -5/85 HPs)
             Began as an Octopode Shapeshifter on Oct 29, 2023.
             Was an Initiate of Gozag.
             Shot with an arrow by Nessos (19 damage)
             ... on level 12 of the Dungeon.
             The game lasted 00:34:24 (9891 turns).

timneilson the Grappler (Octopode Shapeshifter)     Turns: 9891, Time: 00:34:26

Health: -5/85      AC:  5    Str: 18    XL:     12   Next: 66%
Magic:  20/20      EV: 21    Int: 12    God:    Gozag
Gold:   1011       SH:  0    Dex: 12    Spells: 20/22 levels left

rFire   . .          .
                       - Unarmed
rCold   . . .        (shield currently unavailable)
rNeg    . . .        (helmet restricted)
rPois   .            i - amulet of regeneration
rElec   .            d - +4 ring of protection
rCorr   .            w - +5 ring of evasion
SInv    .            B - ring of willpower
Will    ++...        E - ring of willpower
Stlth   ++           (no ring)
HPRegen 1.14/turn    (no ring)
MPRegen 0.17/turn    (no ring)
                     (no ring)

%: no passive effects
@: lethally poisoned (-5 -> -17), flux-form, glowing
A: glow, contaminating, almost no armour, amphibious, 8 rings, camouflage 1,
gelatinous body 1, (nimble swimmer 1), tentacles
a: Begin Untransformation, Renounce Religion, Potion Petition, Call Merchant,
Bribe Branch


You were on level 12 of the Dungeon.
You worshipped Gozag.
Gozag was most pleased with you.
You were something dangerously unstable.
You visited 2 branches of the dungeon, and saw 13 of its levels.
You also visited: Sewer and Ossuary.

You collected 2628 gold pieces.
You spent 780 gold pieces at shops.
You paid 837 gold pieces to Gozag.

Inventory:

Missiles
 q - 2 throwing nets
Armour
 e - a +2 hat
Jewellery
 d - a +4 ring of protection (left tentacle)
 i - an amulet of regeneration (around mantle)
 w - a +5 ring of evasion (right tentacle)
 B - a ring of willpower (on tentacle)
 E - a ring of willpower (on tentacle)
Talismans
 b - a beast talisman
 c - a flux talisman (active)
Wands
 k - a wand of flame (41)
 v - a wand of roots (17)
 C - a wand of acid (14)
 H - a wand of charming (4)
Scrolls
 h - a scroll of revelation
 j - a scroll of poison
 m - 3 scrolls of teleportation
 o - a scroll of amnesia
 A - 4 scrolls of fear
 D - 2 scrolls of fog
 F - a scroll of noise
 J - 2 scrolls of identify
 L - a scroll of brand weapon {unknown}
Potions
 a - 2 potions of lignification
 f - 2 potions of enlightenment
 g - 4 potions of curing
 l - 2 potions of invisibility
 n - a potion of cancellation
 p - 3 potions of might
 r - 3 potions of haste
 s - 2 potions of heal wounds
 t - a potion of degeneration {unknown}
 u - a potion of magic {unknown}
 x - 3 potions of attraction
 z - 3 potions of mutation {unknown}
 G - a potion of resistance {unknown}
 I - a potion of ambrosia {unknown}
 K - a potion of berserk rage


   Skills:
 * Level 9.1 Fighting
 * Level 9.3 Dodging
 - Level 5.0 Stealth
 * Level 9.6 Unarmed Combat
 + Level 5.7 Spellcasting
 + Level 2.6 Translocations
 + Level 6.7 Evocations
 * Level 9.0 Shapeshifting


You had 20 spell levels left.
You knew the following spells:

 Your Spells              Type           Power      Damage    Failure   Level
a - Lesser Beckoning      Tloc           18%        N/A       10%         2

Your spell library contained the following spells:

 Spells                   Type           Power      Damage    Failure   Level
 Gell's Gravitas          Tloc           9%         N/A       19%         3
 Teleport Other           Tloc           9%         N/A       19%         3
 Sublimation of Blood     Necr           3%         N/A       28%         2
 Inner Flame              Hex/Fire       3%         N/A       50%         3
 Stone Arrow              Conj/Erth      6%         3d7       50%         3
 Petrify                  Tmut/Erth      3%         N/A       88%         4
 Irradiate                Conj/Tmut      1%         3d12      99%         5
 Summon Cactus Giant      Summ           1%         N/A       100%        6
 Lehudib's Crystal Spear  Conj/Erth      1%         10d2      100%        8
 Chain Lightning          Conj/Air       1%         3d2       100%        9
 Fire Storm               Conj/Fire      1%         8d1       100%        9
 Shatter                  Erth           1%         3d6*      100%        9
 Animate Armour           Summ/Erth      Unusable   N/A       N/A         4

Dungeon Overview and Level Annotations

Branches:
Dungeon (12/15)            Temple (1/1) D:4            Lair (0/5) D:9
  Sewer (visited)         Ossuary (visited)
    Orc: D:9-12

Altars:
Ashenzari
Cheibriados
Dithmenos
Elyvilon
Fedhas
Gozag
Hepliaklqana
Kikubaaqudgha
Makhleb
Nemelex Xobeh
Okawaru
Qazlal
Ru
Sif Muna
Trog
Uskayaw
Vehumet
Wu Jian
Xom
Yredelemnul
Zin
The Shining One

Shops:
D:1 ?   D:5 :   D:10 ((*?*[   D:12 [

Annotations:
D:2 1 runed translucent door, Crazy Yiuf
D:5 1 runed translucent door
D:7 3 runed translucent doors, timneilson's ghost, novice GrFi
D:9 3 runed translucent doors, lunkers's ghost, novice MeSh
D:12 Nessos


Innate Abilities, Weirdness & Mutations

You are something dangerously unstable.
You glow with magical radiation, making you easy to see and hit.
Foes you strike become dangerously contaminated with magical radiation.
You are incapable of wielding weapons or throwing items.
You cannot wear most types of armour.
You are amphibious.
You can wear up to eight rings at the same time.
Your skin changes colour to match your surroundings (Stealth+).
Your rubbery body absorbs attacks. (AC +1, EV +1)
((You are camouflaged when in or above water. (Stealth+)))
You have tentacles for arms and can constrict up to eight enemies at once.


Message History

Nessos casts a spell.
Nessos blinks!
You feel sick.
Nessos shoots an arrow.
The arrow barely misses you.
Nessos mumbles some strange words.
Nessos blinks!
You feel sick.
You are no longer poisoned.
Nessos shoots an arrow.
The arrow hits you! The arrow burns you.
You are poisoned.
You feel very sick.
You feel very sick.
You feel very sick.
Nessos shoots an arrow.
The arrow hits you! The arrow burns you.
You feel sick.
Nessos shoots an arrow.
The arrow misses you.
Nessos shoots an arrow.
The arrow closely misses you.
You feel sick.
Nessos mumbles some strange words.
Nessos blinks!
Nessos shoots an arrow.
The arrow misses you.
You feel sick.
Nessos shoots an arrow.
The arrow hits you!
* * * LOW HITPOINT WARNING * * *
The arrow burns you.
* * * LOW HITPOINT WARNING * * *
Nessos shoots an arrow.
The arrow misses you.
Nessos shoots an arrow.
The arrow completely misses you.
You feel much better.
You feel sick.
Nessos shoots an arrow.
The arrow hits you!!
* * * LOW HITPOINT WARNING * * *
The arrow burns you.
You are more poisoned.
* * * LOW HITPOINT WARNING * * *
Nessos gestures wildly while chanting.
Nessos blinks!
Blink to where?
Press: ? - help, Dir - move target
As you read the scroll of blinking, it crumbles to dust.
* * * LOW HITPOINT WARNING * * *
You feel very sick.
Nessos shoots an arrow.
The arrow hits you!!
You die...
Your body crumbles into a pile of gold.

##..# ....... .. ###
...#..# .. #..###.. ..
..####.### ..
#......#.#### ..
#........#.###.### #
#....§..........### #
###...............##.###
#......p..........##...#
##..##......c..>.......#
#.................#
#........§.........
##....##...........
#....###........##
##.#.............#
####)..........##
#..........####


You could see Nessos (fast).

Vanquished Creatures
  Gastronok (D:8)
  Harold (D:9)
  Erica (D:9)
  A two-headed ogre (D:8)
  Urug (D:10)
  Nergalle (D:10)
  Lodul (D:10)
  Pikel (D:7)
  A cyclops (D:12)
  A rust devil (D:11)
  Psyche (D:9)
  A kobold demonologist (D:12)
  A smoke demon (D:11)
  A komodo dragon (D:10)
  2 red devils (D:11)
  A hellwing (D:11)
  2 trolls
  A hornet (D:9)
  Prince Ribbit (D:6)
  4 wraiths
  2 wyverns
  27 yaks
  6 vampire mosquitoes
  2 acid dragons
  3 orc warriors
  3 ice beasts
  Pargi (Sewer)
  10 ogres
  2 wolves (D:9)
  A centaur (D:8)
  2 phantoms (D:5)
  2 lemures (D:7)
  4 bullfrogs
  A gnoll sergeant (D:8)
  14 kobold brigands
  3 scorpions
  4 water moccasin zombies (Ossuary)
  5 wights (D:6)
  2 electric eels
  3 howler monkeys (D:11)
  3 jellies
  8 hounds
  7 orc priests
  A gnoll bouda (D:7)
  4 iguanas
  13 orc wizards
  2 mummies (Ossuary)
  16 gnolls
  16 adders
  A shadow imp (D:5)
  2 white imps
  9 adder zombies (Ossuary)
  A worm (D:3)
  2 dart slugs
  32 orcs
  5 endoplasms
  6 giant cockroaches
  4 gnoll zombies (Ossuary)
  4 goblins
  6 hobgoblins
  5 jackals
  4 quokkas
  7 ball pythons
  9 bats
  A goblin zombie (D:5)
  4 hobgoblin zombies (Ossuary)
  12 kobolds
  8 kobold zombies (Ossuary)
  3 orc zombies
  3 rats (D:1)
  A rat zombie (D:4)
321 creatures vanquished.

Notes
Turn   | Place    | Note
-------+----------+-------------------------------------------
     0 | D:1      | timneilson the Octopode Shapeshifter began the quest for
                  | the Orb.
     0 | D:1      | Reached XP level 1. HP: 13/13 MP: 1/1
   123 | D:1      | Reached XP level 2. HP: 18/18 MP: 2/2
   357 | D:1      | Found Ephoeng's Magic Scroll Boutique.
   922 | D:2      | Found a runed translucent door.
   923 | D:2      | Noticed Crazy Yiuf
   971 | D:2      | Reached XP level 3. HP: 18/23 MP: 3/3
  1292 | D:2      | Reached skill level 1 in Stealth
  1636 | D:3      | Reached XP level 4. HP: 29/29 MP: 4/4
  1746 | D:3      | Reached skill level 1 in Spellcasting
  1746 | D:3      | Reached XP level 5. HP: 18/34 MP: 6/6
  1912 | D:3      | Found a hide-covered altar of Uskayaw.
  1957 | D:4      | Reached skill level 1 in Evocations
  2029 | D:4      | Found a staircase to the Ecumenical Temple.
  2039 | Temple   | Entered the Ecumenical Temple
  2047 | D:4      | Found a glowing drain.
  2058 | D:4      | Found a sand-covered staircase.
  2069 | D:4      | Reached XP level 6. HP: 41/41 MP: 7/7
  2088 | Sewer    | Entered a sewer
  2124 | Sewer    | Noticed Pargi
  2140 | Sewer    | Killed Pargi
  2186 | Ossuary  | Entered an ossuary
  2230 | Ossuary  | Reached XP level 7. HP: 21/46 MP: 9/9
  3036 | D:4      | Found a snail-covered altar of Cheibriados.
  3049 | D:4      | Found a shadowy altar of Dithmenos.
  3052 | D:4      | Found a glowing golden altar of the Shining One.
  3057 | D:4      | Found a sacrificial altar of Ru.
  3159 | D:5      | Identified the of Fosk
  3159 | D:5      | Entered Level 5 of the Dungeon
  3201 | D:5      | Noticed a human
  3202 | D:5      | Found a runed translucent door.
  3206 | D:5      | Found a basalt altar of Yredelemnul.
  3446 | D:5      | Found Fikheikh's Book Shop.
  3692 | D:5      | Reached XP level 8. HP: 54/54 MP: 11/11
  3725 | D:5      | Reached skill level 5 in Unarmed Combat
  4357 | D:6      | Reached skill level 5 in Shapeshifting
  4605 | D:6      | Noticed Prince Ribbit
  4614 | D:6      | Killed Prince Ribbit
  4615 | D:6      | Reached skill level 5 in Dodging
  4615 | D:6      | Reached XP level 9. HP: 57/59 MP: 13/13
  4694 | D:6      | Reached skill level 5 in Stealth
  4875 | D:6      | Reached skill level 5 in Fighting
  4937 | D:6      | Found the +7 Throatcutter {drain, coup de grace}
  5296 | D:7      | Found a runed translucent gate.
  5296 | D:7      | Found a runed translucent gate.
  5296 | D:7      | Found a runed translucent gate.
  5320 | D:7      | Found a bloodstained altar of Trog.
  5402 | D:7      | Reached XP level 10. HP: 68/68 MP: 15/15
  5659 | D:7      | Noticed Pikel
  5683 | D:7      | Killed Pikel
  5843 | D:7      | Noticed timneilson's ghost (novice GrFi)
  5887 | D:7      | Found a blossoming altar of Fedhas.
  6410 | D:8      | Found an opulent altar of Gozag.
  6415 | D:8      | Became a worshipper of Gozag Ym Sagoz the Greedy
  6488 | D:8      | Noticed Gastronok
  6498 | D:8      | Killed Gastronok
  6499 | D:8      | Reached skill level 5 in Evocations
  6755 | D:8      | Noticed a two-headed ogre
  6764 | D:8      | Killed a two-headed ogre
  6765 | D:8      | Reached XP level 11. HP: 75/75 MP: 17/17
  6966 | D:9      | Found a staircase to the Lair.
  7020 | D:9      | Noticed Harold
  7030 | D:9      | Killed Harold
  7156 | D:9      | Noticed Erica
  7173 | D:9      | Killed Erica
  7359 | D:9      | Found a runed translucent gate.
  7359 | D:9      | Found a runed translucent gate.
  7360 | D:9      | Found a runed translucent gate.
  7363 | D:9      | Noticed lunkers's ghost (novice MeSh)
  7860 | D:10     | Entered Level 10 of the Dungeon
  7886 | D:9      | Learned a level 2 spell: Lesser Beckoning
  8003 | D:10     | Reached skill level 5 in Spellcasting
  8011 | D:10     | Noticed Lodul
  8022 | D:10     | Killed Lodul
  8031 | D:10     | Found Rugaem's Weapon Boutique.
  8076 | D:10     | Found Bafahial's Antique Weapon Boutique.
  8192 | D:10     | Noticed Urug
  8214 | D:10     | Killed Urug
  8215 | D:10     | Reached skill level 1 in Translocations
  8283 | D:10     | Found Ollaokug's Armour Shoppe.
  8285 | D:10     | Found Reasyral's General Store.
  8305 | D:10     | Reached XP level 12. HP: 84/84 MP: 19/19
  8325 | D:10     | Noticed Nergalle
  8338 | D:10     | Found Meforec's Magic Scroll Boutique.
  8343 | D:10     | Bought a scroll of acquirement for 676 gold pieces
  8343 | D:10     | Acquired 611 gold pieces
  8368 | D:10     | Bought a potion of might for 52 gold pieces
  8368 | D:10     | Bought a scroll of fear for 52 gold pieces
  8407 | D:10     | Noticed Psyche
  8430 | D:9      | Killed Psyche
  8580 | D:10     | You fall into a shaft and drop 1 floor!
  8874 | D:11     | Identified the +1 robe of Qait {Contam rN+ Dex+9 Archmagi}
  9148 | D:10     | Killed Nergalle
  9674 | D:12     | Noticed Nessos
  9829 | D:12     | Found Kecvuss's Antique Armour Boutique.
  9891 | D:12     | Shot with an arrow by Nessos

Illustrated notes

Levels and vault maps discovered:
D:1:      dpeg_arrival_rhombus, layout_basic, serial_shops,
          nicolae_shop_rolling_square, nicolae_figureground_sparkle
D:2:      layout_loops_ring, uniq_crazy_yiuf_cottage
D:3:      cheibrodos_helix_gallery, layout_rooms,
          nicolae_uskayaw_murder_on_the_dancefloor, minmay_quantized
D:4:      layout_rooms, grunt_temple_overflow_cloverleaf,
          minmay_temple_entry_junction_2, gup_sewer_entry_glass,
          enter_ossuary_3, roderic_lattice_a,
          nicolae_concentric_dashed_squares_wild, st_stairs_2,
          minmay_misc_feat_encased
D:5:      minmay_clustersquares, layout_loops_ring, dk_yredelemnul_ordeal,
          serial_shops, nicolae_shop_tiny_real_fake_doors,
          kennysheep_minor_cross
D:6:      layout_basic, dilly_guarded_unrand_throatcut, uniq_prince_ribbit1
D:7:      layout_loops_cross, mainiacjoe_overflow_alcove_2, gammafunk_ghost_icy,
          kennysheep_path_1, david_defended_altar_orc, uniq_pikel
D:8:      layout_basic, kennysheep_little_box, uniq_gastronok
D:9:      layout_loops_corners, erik_lair_island, gammafunk_ghost_spectres,
          eino_small_chamber_without_monster, chequers_serial_rivers_large_a,
          uniq_harold, uniq_erica
D:10:     layout_basic, serial_shops, nicolae_shop_tiny_glass, shop, shop, shop,
          shop, uniq_lodul, uniq_nergalle, uniq_psyche, uniq_urug
D:11:     layout_rooms, nicolae_where_there's_smoke
D:12:     layout_cave_pools, david_orc_1_choice, serial_shops,
          nicolae_square_shop, uniq_nessos
Temple:   eino_temple_lava

Skill      XL: |  1  2  3  4  5  6  7  8  9 10 11 12 |
---------------+-------------------------------------+-----
Stealth        | 1 2 3 4 5 |  5.0
Fighting       | 2 3 4 5 7 8 9 |  9.1
Spellcasting   | 1 2 3 4 5 |  5.7
Dodging        | 3 4 5 6 7 8 9 |  9.3
Evocations     | 1 2 3 4 5 6 |  6.7
Unarmed Combat | 4 5 6 7 8 9 |  9.6
Shapeshifting  | 4 5 6 7 8 9 |  9.0
Translocations | 1 2 |  2.6

Action                     |  1- 3 |  4- 6 |  7- 9 | 10-12 || total
---------------------------+-------+-------+-------+-------++-------
  Melee: Unarmed           |    67 |   104 |   320 |   503 ||   994
         Constrict         |    19 |    20 |    79 |    65 ||   183
         Tentacles         |    13 |    19 |    81 |   178 ||   291
         Punch             |     4 |     1 |    17 |    13 ||    35
 Invoke: Call Merchant     |       |       |       |     1 ||     1
  Evoke: Wand              |       |       |       |     2 ||     2
    Use: Scroll            |     5 |     4 |     5 |     9 ||    23
         Potion            |       |     2 |       |     4 ||     6
   Stab: Sleeping          |     8 |    10 |     8 |     3 ||    29
         Distracted        |       |       |     1 |     3 ||     4
 Armour: Skin              |    22 |    78 |    88 |   155 ||   343
  Dodge: Dodged            |    41 |    82 |   168 |   349 ||   640
   Form: Flux              |       |       |       |     1 ||     1

Table legend: (Time is in decaauts)
 A = Elapsed time spent in this place.
 B = Non-inter-level travel time spent in this place.
 C = Inter-level travel time spent in this place.
 D = Time resting spent in this place.
 E = Time spent auto-exploring this place.
 F = Levels seen in this place.
 G = Mean time per level.
                   A        B        C        D        E       F      G
               +--------+--------+--------+--------+--------+-----+--------+
         Total |   9809 |   9345 |    464 |    345 |   5452 |  15 |  653.9 |
       Dungeon |   9453 |   8989 |    464 |    294 |   5451 |  12 |  787.8 |
        Temple |      1 |      1 |      0 |      0 |      0 |   1 |    1.0 |
         Sewer |     85 |     85 |      0 |      0 |      0 |   1 |   85.0 |
       Ossuary |    268 |    268 |      0 |     51 |      1 |   1 |  268.0 |
               +--------+--------+--------+--------+--------+-----+--------+

Top non-repeatable levels by time:
     D:5: 1117 daAuts
     D:9: 1061 daAuts
     D:6: 996 daAuts
    D:10: 965 daAuts
     D:4: 850 daAuts
     D:7: 803 daAuts
     D:8: 784 daAuts
     D:1: 773 daAuts
    D:11: 758 daAuts
     D:2: 720 daAuts
     D:3: 448 daAuts
 Ossuary: 268 daAuts
    D:12: 172 daAuts
   Sewer: 85 daAuts
  Temple: 1 daAuts
